 Dungeon Crawl Stone Soup version 0.30-a0-760-g5a9884bb7c (webtiles) character file.

Game seed: 15788472523524559343

9361 Conn the Covert (level 11, -10/97 HPs)
             Began as an Octopode Fire Elementalist on Feb 11, 2023.
             Was an Elder of Sif Muna.
             Mangled by Olga's ghost (18 damage)
             ... on level 9 of the Dungeon.
             The game lasted 00:33:56 (10011 turns).

Conn the Covert (Octopode Fire Elementalist)       Turns: 10011, Time: 00:33:57

Health: -10/97     AC: 29    Str:  7    XL:     11   Next: 45%
Magic:  18/32      EV:  2    Int: 21    God:    Sif Muna [****..]
Gold:   646        SH:  0    Dex: 20    Spells: 9/27 levels left

rFire   + . .      SeeInvis +    K - +8 battleaxe (freeze)
rCold   + + .      Faith    +    (shield currently unavailable)
rNeg    + . .      Spirit   .    (helmet currently unavailable)
rPois   +          Reflect  .    v - amulet of faith
rElec   .          Harm     .    i - ring of positive energy
rCorr   .          Rampage  .    k - +4 ring of slaying
Will    .....      NoTele   +    x - +5 ring of evasion
Stlth   +++++                    A - +6 ring of dexterity
HPRegen 0.36/turn                H - +4 ring of protection
MPRegen 0.23/turn                L - ring of protection from fire
                                 O - ring of see invisible
                                 f - ring of Idog {rC++ MP+9 Stlth+}

@: tree-form, on berserk cooldown, hasted and slowed
A: stationary, stasis, torment immunity, boosted hp, almost no armour,
(amphibious), 8 rings, (camouflage 1), (gelatinous body 1), (nimble swimmer 1),
(tentacles)
a: Renounce Religion, Channel Magic, Forget Spell, Divine Exegesis


You were on level 9 of the Dungeon.
You worshipped Sif Muna.
Sif Muna was greatly pleased with you.
You were a tree.
You visited 2 branches of the dungeon, and saw 10 of its levels.

You collected 646 gold pieces.

Inventory:

Hand Weapons
 a - a +2 dagger of venom
 b - a +0 shortbow of draining
 d - a +0 short sword
 y - a +2 war axe of freezing
 K - a +8 battleaxe of freezing (weapon)
Missiles
 l - 8 poisoned darts
 I - 4 throwing nets
Armour
 G - a +2 hat (melded)
Jewellery
 f - the ring of Idog (on tentacle) {rC++ MP+9 Stlth+}
   (You acquired it on level 9 of the Dungeon)

   [ring of magical power]

   rC:        It greatly protects you from cold.
   MP:        It affects your magic capacity (+9).
   Stlth:     It makes you more stealthy.
 i - a ring of positive energy (left branch)
 k - a +4 ring of slaying (right branch)
 q - an amulet of reflection
 v - an amulet of faith (around neck)
 x - a +5 ring of evasion (on tentacle)
 A - a +6 ring of dexterity (on tentacle)
 C - an amulet of regeneration
 H - a +4 ring of protection (on tentacle)
 L - a ring of protection from fire (on tentacle)
 O - a ring of see invisible (on tentacle)
Wands
 p - a wand of flame (35)
 t - a wand of mindburst (6)
 P - a wand of paralysis (3)
Scrolls
 c - a scroll of amnesia
 e - 4 scrolls of magic mapping
 j - 7 scrolls of teleportation
 o - a scroll of fear
 r - a scroll of blinking
 u - 5 scrolls of enchant armour
 B - a scroll of fog
 E - a scroll of vulnerability
 F - a scroll of poison
Potions
 h - 2 potions of magic
 n - 5 potions of curing
 s - a potion of brilliance
 z - a potion of haste


   Skills:
 + Level 2.4 Fighting
 + Level 3.0 Short Blades
 + Level 3.3 Axes
 + Level 3.4 Dodging
 + Level 9.1 Stealth
 * Level 8.8 Spellcasting
 * Level 5.7 Conjurations
 + Level 3.2 Hexes
 + Level 8.8 Fire Magic
 * Level 0.2 Air Magic
 * Level 6.3 Invocations
 + Level 0.2 Evocations


You had 9 spell levels left.
You knew the following spells:

 Your Spells              Type           Power      Damage    Failure   Level
a - Foxfire               Conj/Fire      100%       2x1d9     1%          1
b - Confusing Touch       Hex            22%        N/A       6%          3
c - Inner Flame           Hex/Fire       34%        N/A       1%          3
d - Flame Wave            Conj/Fire      39%        2d11      3%          4
e - Scorch                Fire           92%        2d10      1%          2
f - Arcjolt               Conj/Air       10%        1d20      52%         5

Your spell library contained the following spells:

 Spells                   Type           Power      Damage    Failure   Level
 Slow                     Hex            88%        N/A       1%          1
 Static Discharge         Conj/Air       42%        2-4/arc   3%          2
 Kindle Blastsparks       Fire/Tloc/Air  42%        2d13      6%          3
 Vampiric Draining        Necr           9%         2d6       22%         3
 Vhi's Electric Charge    Tloc/Air       18%        N/A       22%         3
 Lightning Bolt           Conj/Air       10%        1d23      52%         5


Dungeon Overview and Level Annotations

Branches:
Dungeon (9/15)             Temple (1/1) D:4
   Lair: D:8-11         Orc: D:9-12

Altars:
Ashenzari
Cheibriados
Dithmenos
Elyvilon
Fedhas
Gozag
Hepliaklqana
Kikubaaqudgha
Makhleb
Nemelex Xobeh
Okawaru
Qazlal
Sif Muna
Trog
Uskayaw
Vehumet
Wu Jian
Xom
Yredelemnul
Zin

Shops:
D:7 (   D:8 [

Annotations:
D:5 2 transporters
D:9 1 transporter, Olga's ghost, journeyman NaFi
Temple 2 transporters


Innate Abilities, Weirdness & Mutations

You are a tree.
Your roots penetrate the ground, keeping you stationary.
You cannot be teleported.
You are immune to unholy pain and torment.
Your maximum health is greatly increased.
You cannot wear most types of armour.
((You are amphibious.))
You can wear up to eight rings at the same time.
((Your skin changes colour to match your surroundings (Stealth+).))
((Your rubbery body absorbs attacks. (AC +1, EV +1)))
((You are camouflaged when in or above water. (Stealth+)))
((You have tentacles for arms and can constrict up to eight enemies at once.))


Message History

Olga's ghost resists.
Olga's ghost is lightly damaged.
The flame wave engulfs your butterfly.
You kill your butterfly!
Your butterfly disappears in a burst of colours!
The flame wave engulfs the queen bee!
You kill the queen bee!
Sif Muna accepts your kill. (Press . to intensify the flame waves.)
You feel less invigorated.
Olga's ghost hits you but does no damage.
Really fire at your butterfly?
A wave of flame ripples out!
The flame wave engulfs your butterfly!!
You kill your butterfly!
Your butterfly disappears in a burst of colours!
The flame wave engulfs Olga's ghost.
Olga's ghost resists.
Olga's ghost is lightly damaged.
The flame wave engulfs the meliai.
The meliai resists.
The meliai is almost dead.
The flame wave engulfs your butterfly!
You kill your butterfly!
Your butterfly disappears in a burst of colours!
The flame wave engulfs your butterfly!
You kill your butterfly!
Your butterfly disappears in a burst of colours!
The meliai hits you but does no damage.
The meliai stings you but does no damage.
Olga's ghost hits you!
* * * LOW HITPOINT WARNING * * *
The meliai hits you but does no damage.
The meliai stings you but does no damage.
A wave of flame ripples out!
The flame wave engulfs Olga's ghost.
Olga's ghost resists.
Olga's ghost is lightly damaged.
The flame wave engulfs the meliai.
The meliai resists.
The meliai is almost dead.
You finish channelling waves of flame.
The meliai hits you but does no damage.
The meliai stings you but does no damage.
Olga's ghost hits you!!
You die...

.#####.##†.#############....*
...# #...)#####yyWyy#****,,.*
##.# ###.###...#.yy#y..#**,,*
##.#####.##..#..###..#..**,,*
....#....###y..#..,#...#**,.*
##........#####?.#y.####*..,*
#..#....###.b†#†y.#...###,**
#.......##..#..###!.#..#*,*
##......###b..#♣W.#..!#**,*
###....)#####..y..#####,,*
#......).##########***,,**
#.#####).......©...,,,,**
**#.#.<)))[.....#.####****
,,.,#####[>....##.#
,,,,+...'.(....##.#
,,,,#####.....###.#
,,,,**,,......# #.#


You could see a meliai (resistant) and Olga's ghost.

Vanquished Creatures
  Erolcha (D:9)
  Erica (D:9)
  Pikel (D:6)
  An ugly thing (D:8)
  Joseph (D:7)
  A gargoyle (D:8)
  A meliai (shapeshifter) (D:8)
  A queen bee (D:9)
  A hornet (D:7)
  Grinder (D:4)
  Sigmund (D:6)
  A vampire (D:9)
  Grum (D:9)
  3 water moccasins
  Duvessa (D:6)
  4 orc warriors
  An ice beast (D:4)
  3 sky beasts
  4 black bears
  3 wolves (D:9)
  2 ogres (D:4)
  3 centaurs
  2 lemures (D:6)
  A kobold brigand (D:7)
  A phantom (D:4)
  3 gnoll sergeants (D:9)
  5 bullfrogs
  2 scorpions
  16 wights
  Dowan (D:6)
  7 killer bees (D:9)
  4 electric eels (D:6)
  3 howler monkeys (D:8)
  5 orc priests
  3 hounds
  2 jellies
  Terence (D:3)
  4 iguanas
  Ijyb (D:3)
  7 orc wizards
  15 gnolls
  7 adders
  A shadow imp (D:5)
  A white imp (D:8)
  An ufetubus (D:7)
  2 worms
  4 dart slugs
  44 orcs
  13 endoplasms
  4 giant cockroaches
  4 goblins
  7 hobgoblins
  7 jackals
  8 kobolds
  5 quokkas
  9 ball pythons
  7 bats
  5 frilled lizards
  8 rats
257 creatures vanquished.

Vanquished Creatures (collateral kills)
  16 foxfires
16 creatures vanquished.

Vanquished Creatures (others)
  539 foxfires
  18 plants (D:6)
557 creatures vanquished.

Grand Total: 830 creatures vanquished

Notes
Turn   | Place    | Note
-------+----------+-------------------------------------------
     0 | D:1      | Conn the Octopode Fire Elementalist began the quest for the
                  | Orb.
     0 | D:1      | Reached XP level 1. HP: 11/11 MP: 3/3
   117 | D:1      | Reached XP level 2. HP: 17/17 MP: 0/5
   339 | D:1      | Reached XP level 3. HP: 16/21 MP: 2/6
   838 | D:1      | Reached skill level 3 in Stealth
  1111 | D:2      | Reached XP level 4. HP: 25/27 MP: 0/7
  1219 | D:2      | Found a stormy altar of Qazlal.
  1616 | D:2      | Reached XP level 5. HP: 31/31 MP: 5/8
  2058 | D:2      | Learned a level 2 spell: Scorch
  2062 | D:2      | Learned a level 3 spell: Inner Flame
  2150 | D:3      | Found a faded altar of an unknown god.
  2153 | D:3      | Found a burning altar of Makhleb.
  2177 | D:3      | Reached skill level 4 in Stealth
  2208 | D:3      | Noticed Ijyb
  2241 | D:3      | Noticed a centaur
  2249 | D:3      | Killed Ijyb
  2250 | D:3      | Reached skill level 1 in Short Blades
  2474 | D:3      | Noticed Terence
  2482 | D:3      | Killed Terence
  2917 | D:3      | Reached XP level 6. HP: 37/37 MP: 10/10
  3073 | D:3      | Reached skill level 5 in Stealth
  3188 | D:4      | Noticed an ice beast
  3196 | D:4      | Killed an ice beast
  3197 | D:4      | Reached skill level 1 in Fighting
  3351 | D:4      | Noticed Grinder
  3371 | D:4      | Found a staircase to the Ecumenical Temple.
  3385 | Temple   | Entered the Ecumenical Temple
  3385 | Temple   | Found a transporter.
  3385 | Temple   | Found a transporter.
  3387 | Temple   | Found a transporter.
  3387 | Temple   | Found a transporter.
  3401 | Temple   | Became a worshipper of Sif Muna the Loreminder
  3440 | D:4      | Reached XP level 7. HP: 39/43 MP: 2/11
  3574 | D:4      | Killed Grinder
  3575 | D:4      | Reached skill level 6 in Stealth
  3666 | D:4      | Found a shadowy altar of Dithmenos.
  3807 | D:4      | Reached XP level 8. HP: 48/48 MP: 4/14
  3892 | D:4      | Reached skill level 5 in Fire Magic
  4263 | D:5      | Entered Level 5 of the Dungeon
  4417 | D:5      | Reached * piety under Sif Muna
  4661 | D:5      | Reached skill level 5 in Spellcasting
  4862 | D:5      | Found a transporter.
  4892 | D:5      | Found a transporter.
  5152 | D:5      | Reached skill level 7 in Stealth
  5336 | D:6      | Noticed Sigmund
  5338 | D:6      | Killed Sigmund
  5339 | D:6      | Reached skill level 1 in Invocations
  5339 | D:6      | Reached XP level 9. HP: 54/54 MP: 12/17
  5347 | D:6      | Learned a level 4 spell: Flame Wave
  5388 | D:6      | Noticed Duvessa
  5388 | D:6      | Noticed Dowan
  5394 | D:6      | Killed Dowan
  5399 | D:6      | Killed Duvessa
  6000 | D:6      | Noticed Pikel
  6008 | D:6      | Killed Pikel
  6009 | D:6      | Reached skill level 1 in Axes
  6024 | D:6      | Reached skill level 8 in Stealth
  6338 | D:6      | Found a bloodstained altar of Trog.
  6498 | D:7      | Reached ** piety under Sif Muna
  6717 | D:7      | Reached skill level 5 in Conjurations
  6899 | D:7      | Noticed a hornet
  6910 | D:7      | Killed a hornet
  6911 | D:7      | Reached XP level 10. HP: 34/60 MP: 0/20
  6912 | D:7      | Noticed Joseph
  6918 | D:7      | Killed Joseph
  7112 | D:7      | Found Jepuren's Antique Weapon Boutique.
  7745 | D:8      | Noticed a boulder beetle
  7756 | D:8      | Learned a level 3 spell: Confusing Touch
  7928 | D:8      | Reached *** piety under Sif Muna
  8163 | D:8      | Found Xas Jecs's Armour Boutique.
  8269 | D:8      | Reached skill level 1 in Hexes
  8269 | D:8      | Reached skill level 5 in Invocations
  8273 | D:8      | Found a radiant altar of Vehumet.
  8305 | D:8      | Noticed a gargoyle
  8316 | D:8      | Killed a gargoyle
  8324 | D:8      | Noticed a brown ugly thing
  8329 | D:8      | Killed a brown ugly thing
  8960 | D:9      | Reached XP level 11. HP: 11/64 MP: 1/22
  9104 | D:9      | Noticed Olga's ghost (journeyman NaFi)
  9159 | D:9      | Reached **** piety under Sif Muna
  9317 | D:9      | Noticed Erolcha
  9318 | D:9      | Noticed Erica
  9342 | D:9      | Killed Erica
  9509 | D:9      | Reached skill level 9 in Stealth
  9548 | D:9      | Killed Erolcha
  9763 | D:9      | Found a transporter.
  9763 | D:9      | Found a transporter.
  9771 | D:9      | Noticed Grum
  9782 | D:9      | Killed Grum
  9906 | D:9      | Identified a scroll of acquirement
  9906 | D:9      | Acquired the ring of Idog {rC++ MP+9 Stlth+}
  9963 | D:9      | Learned a level 5 spell: Arcjolt
 10011 | D:9      | Mangled by Olga's ghost

Illustrated notes

Levels and vault maps discovered:
D:1:      denvon_arrival_waterhouse, layout_basic
D:2:      layout_basic, basic_altar, minmay_randomly_rotated_circles
D:3:      minmay_door_path, layout_basic, nicolae_overflow_ecumenical_swirl,
          uniq_terence, uniq_ijyb
D:4:      layout_cave_pools, nicolae_dithmenos_shadow_blocks,
          minmay_temple_entry_statues_pillars, serial_park_tiny_2, uniq_grinder
D:5:      gammafunk_wand_slinger, layout_basic, minmay_liquid_box,
          minmay_strange_pillars
D:6:      layout_loops_ring, lemuel_round_altar, serial_bayou,
          serial_bayou_lake_a, serial_bayou_pond_d, serial_bayou_ford_a,
          serial_bayou_lagoon_a, uniq_sigmund, uniq_pikel, uniq_duvessa
D:7:      kennysheep_six_static_rooms, layout_loops_ring, serial_shops,
          kennysheep_mini_moat, uniq_joseph
D:8:      minmay_bloctagon_deflated, layout_loops_ring, vehumet_crystals,
          grunt_decor_fettered, minivault_25, nicolae_take_the_stairs
D:9:      layout_basic, gammafunk_ghost_hive, uniq_erolcha, uniq_erica,
          uniq_grum
Temple:   hellmonk_temple_divided_pantheon

Skill      XL: |  1  2  3  4  5  6  7  8  9 10 11 |
---------------+----------------------------------+-----
Stealth        | 3 4 5 6 7 8 9 |  9.1
Conjurations   | 2 3 4 5 |  5.7
Short Blades   | 1 2 3 |  3.0
Fire Magic     | 4 5 7 8 |  8.8
Spellcasting   | 3 4 5 6 7 8 |  8.8
Fighting       | 1 2 |  2.4
Dodging        | 3 |  3.4
Invocations    | 1 4 5 6 |  6.3
Axes           | 1 3 |  3.3
Hexes          | 2 3 |  3.2
Air Magic      | |  0.2
Evocations     | |  0.2

Action                     |  1- 3 |  4- 6 |  7- 9 | 10-12 || total
---------------------------+-------+-------+-------+-------++-------
  Melee: Short sword       |    16 |       |       |       ||    16
         Constrict         |     7 |     9 |     9 |    18 ||    43
         Tentacles         |     7 |     7 |     7 |    13 ||    34
         Dagger            |     9 |    52 |    19 |       ||    80
         War axe           |       |       |    20 |     4 ||    24
         Battleaxe         |       |       |       |    54 ||    54
   Cast: Foxfire           |    48 |    73 |   128 |    86 ||   335
         Scorch            |       |     8 |    32 |    41 ||    81
         Inner Flame       |       |       |     4 |    16 ||    20
         Flame Wave        |       |       |       |    16 ||    16
         Confusing Touch   |       |       |       |     1 ||     1
 Invoke: Channel Magic     |       |       |       |     2 ||     2
  Evoke: Wand              |       |       |       |     5 ||     5
    Use: Potion            |     1 |     2 |       |    10 ||    13
         Scroll            |       |     1 |       |    21 ||    22
   Stab: Sleeping          |     3 |    14 |     5 |     3 ||    25
         Distracted        |       |       |       |     1 ||     1
 Armour: Skin              |     3 |     4 |     2 |    21 ||    30
  Dodge: Dodged            |    19 |    45 |    36 |   105 ||   205

Table legend: (Time is in decaauts)
 A = Elapsed time spent in this place.
 B = Non-inter-level travel time spent in this place.
 C = Inter-level travel time spent in this place.
 D = Time resting spent in this place.
 E = Time spent auto-exploring this place.
 F = Levels seen in this place.
 G = Mean time per level.
                   A        B        C        D        E       F      G
               +--------+--------+--------+--------+--------+-----+--------+
         Total |  10018 |   9821 |    197 |    460 |   6669 |  10 | 1001.8 |
       Dungeon |   9980 |   9783 |    197 |    460 |   6669 |   9 | 1108.9 |
        Temple |     37 |     37 |      0 |      0 |      0 |   1 |   37.0 |
               +--------+--------+--------+--------+--------+-----+--------+

Top non-repeatable levels by time:
     D:8: 1406 daAuts
     D:3: 1230 daAuts
     D:6: 1141 daAuts
     D:7: 1139 daAuts
     D:1: 1061 daAuts
     D:5: 1047 daAuts
     D:2: 1016 daAuts
     D:9: 1001 daAuts
     D:4: 935 daAuts
  Temple: 37 daAuts
